 Dungeon Sprint DCSS version 0.27-a0-1579-g97d2440184 (webtiles) character file.

Game seed: 14357045943377726826

3231107 mhtbhm the Minotaur Barricade (level 22, 155/233 HPs)
             Began as a Minotaur Fighter on July 16, 2021.
             Was the Champion of Qazlal.
             Escaped with the Orb
             ... and 2 runes on July 17, 2021!
             The game lasted 00:33:03 (9713 turns).

mhtbhm the Minotaur Barricade (Minotaur Fighter)    Turns: 9713, Time: 00:33:03

Health: 155/233    AC: 44    Str: 49    XL:     22   Next: 25%
Magic:  45/45      EV: 14    Int: 13    God:    Qazlal [******]
Gold:   282        SH: 46    Dex:  6    Spells: 72/72 levels left

rFire    + + +     SeeInvis +   a - +5 broad axe (holy)
rCold    + . .     Faith    .   c - +7 tower shield "Firph" {Regen+ rCorr Int+4 Dex-4 SInv}
rNeg     + + +     Spirit   .   b - +5 gold dragon scales
rPois    +         Reflect  .   (helmet restricted)
rElec    .         Harm     .   J - +2 cloak "Muzoaw" {rF+ Int+2}
rCorr    +         Rampage  .   o - +2 pair of gloves {Stlth+}
Will     +....     NoTele   +   F - +2 pair of boots of the True Pharaoh {Str+3}
Stlth    ..........             O - amulet "Zikuep Hewa" {rPois rN+++ Regen+ Int+2 Stlth-}
HPRegen  2.48/turn              x - ring "Daviav" {*Corrode rF+ Str+10 Slay+6 Stlth+}
MPRegen  0.29/turn              H - ring "Hatit" {rPois rN+ Str+5 Slay+6}

@: hasted, repel missiles, very quick
A: horns 2, retaliatory headbutt, low mp 1
0: Orb of Zot
}: 2/3 runes: golden, iron
a: Renounce Religion, Upheaval, Elemental Force, Disaster Area


You escaped.
You worshipped Qazlal.
Qazlal was exalted by your worship.
You visited 1 branch You collected 282 gold pieces.

Inventory:

Hand Weapons
 a - a +5 broad axe of holy wrath (weapon)
 d - the +4 staff of Dispater
   (You took it off Dispater in the Dungeon)

   It can be evoked to hurl damnation at the cost of health and magic, with
   strength depending on Evocations skill.
 i - the +9 broad axe of Patterns {vorpal, rN+ Str+2}
   (You found it in the Dungeon)

   It inflicts extra damage upon your enemies.
   Str:       It affects your strength (+2).
   rN:        It protects you from negative energy.
 G - a +7 demon blade of pain
Armour
 b - +5 gold dragon scales (worn)
 c - the +7 tower shield "Firph" (worn) {Regen+ rCorr Int+4 Dex-4 SInv}
   (You took it off a daeva in the Dungeon)

   Int:       It affects your intelligence (+4).
   Dex:       It affects your dexterity (-4).
   SInv:      It lets you see invisible.
   Regen:     It increases your rate of health regeneration.
   rCorr:     It protects you from acid and corrosion.
 n - a +2 pair of boots of rampaging
 o - a +2 pair of gloves of stealth (worn)
 F - the +2 pair of boots of the True Pharaoh (worn) {Str+3}
   (You found it in the Dungeon)

   Str:       It affects your strength (+3).
 J - the +2 cloak "Muzoaw" (worn) {rF+ Int+2}
   (You found it in the Dungeon)

   Int:       It affects your intelligence (+2).
   rF:        It protects you from fire.
Jewellery
 x - the ring "Daviav" (left hand) {*Corrode rF+ Str+10 Slay+6 Stlth+}
   (You found it in the Dungeon)

   [ring of protection from fire]

   Str:       It affects your strength (+10).
   Slay:      It affects your accuracy & damage with ranged weapons and melee
   (+6).
   rF:        It protects you from fire.
   *Corrode:  It may corrode you when you take damage.
   Stlth:     It makes you more stealthy.
 z - the amulet of Yhakhuv {Spirit Will+}
   (You found it in the Dungeon)

   [amulet of guardian spirit]

   It causes incoming damage to be divided between your reserves of health and
   magic.
   Will:      It increases your willpower.
 B - the amulet of Vitality {Regen+ HP+15}
   (You found it in the Dungeon)

   [amulet of regeneration]

   HP:        It affects your health (+15).
   Regen:     It increases your rate of health regeneration.
 C - the ring of Hygism {EV+4 Str+3 Slay+2}
   (You found it in the Dungeon)

   [ring of evasion]

   EV:        It affects your evasion (+4).
   Str:       It affects your strength (+3).
   Slay:      It affects your accuracy & damage with ranged weapons and melee
   (+2).
 D - the ring "Ufojojir" {+Blink rElec rC+ rCorr Dex+3}
   (You found it in the Dungeon)

   [ring of protection from cold]

   Dex:       It affects your dexterity (+3).
   rC:        It protects you from cold.
   rElec:     It insulates you from electricity.
   +Blink:    It lets you blink.
   rCorr:     It protects you from acid and corrosion.
 H - the ring "Hatit" (right hand) {rPois rN+ Str+5 Slay+6}
   (You found it in the Dungeon)

   [ring of positive energy]

   Str:       It affects your strength (+5).
   Slay:      It affects your accuracy & damage with ranged weapons and melee
   (+6).
   rPois:     It protects you from poison.
   rN:        It protects you from negative energy.
 N - the ring of the Solstice {rF+ AC+4 Str+8}
   (You found it in the Dungeon)

   [ring of protection]

   AC:        It affects your AC (+4).
   Str:       It affects your strength (+8).
   rF:        It protects you from fire.
 O - the amulet "Zikuep Hewa" (around neck) {rPois rN+++ Regen+ Int+2 Stlth-}
   (You found it in the Dungeon)

   [amulet of regeneration]

   Int:       It affects your intelligence (+2).
   rPois:     It protects you from poison.
   rN:        It renders you almost immune to negative energy.
   Regen:     It increases your rate of health regeneration.
   Stlth:     It makes you less stealthy.
 P - the amulet of Attitude {Faith Regen+ Int+3}
   (You found it in the Dungeon)

   [amulet of faith]

   It allows you to gain divine favour quickly.
   Int:       It affects your intelligence (+3).
   Regen:     It increases your rate of health regeneration.
 S - the ring of the Yeti {rF+ Str+4 Int+6 Dex+3}
   (You found it in the Dungeon)

   [ring of intelligence]

   Str:       It affects your strength (+4).
   Int:       It affects your intelligence (+6).
   Dex:       It affects your dexterity (+3).
   rF:        It protects you from fire.
 T - the amulet of Zaifig {rPois rN+++ Regen+ Dex-4 Stlth-}
   (You found it in the Dungeon)

   [amulet of regeneration]

   Dex:       It affects your dexterity (-4).
   rPois:     It protects you from poison.
   rN:        It renders you almost immune to negative energy.
   Regen:     It increases your rate of health regeneration.
   Stlth:     It makes you less stealthy.
 U - the amulet "Ysaetz" {Spirit Harm}
   (You found it in the Dungeon)

   [amulet of guardian spirit]

   It causes incoming damage to be divided between your reserves of health and
   magic.
   Harm:      It increases damage dealt and taken.
Wands
 r - a wand of charming (8)
Scrolls
 l - 10 scrolls of amnesia
 m - a scroll of summoning
 s - 6 scrolls of identify
 t - a scroll of fear
 u - a scroll of fog
Potions
 e - 9 potions of curing
 f - 7 potions of heal wounds
 g - 5 potions of haste
 h - 8 potions of magic
 k - a potion of invisibility
 p - 5 potions of brilliance
 q - 5 potions of resistance
 A - a potion of attraction
 E - a potion of berserk rage
 R - 4 potions of mutation
Miscellaneous
 y - a condenser vane
 I - a tin of tremorstones (2/2)


   Skills:
 O Level 27 Fighting
 - Level 1.5(17.4) Short Blades
 O Level 27 Long Blades
 O Level 27 Axes
 - Level 1.7(18.8) Maces & Flails
 - Level 1.7(18.8) Polearms
 - Level 1.7(2.4) Staves
 - Level 1.5(20.1) Slings
 - Level 1.5 Bows
 - Level 1.5 Crossbows
 O Level 27 Throwing
 O Level 27 Armour
 O Level 27 Dodging
 - Level 1.0 Stealth
 O Level 27 Shields
 - Level 1.6 Unarmed Combat
 + Level 25.5 Spellcasting
 - Level 1.1 Conjurations
 - Level 0.8 Hexes
 - Level 1.0 Summonings
 - Level 1.0 Necromancy
 - Level 1.0 Translocations
 - Level 1.1 Transmutations
 - Level 1.0 Fire Magic
 - Level 1.0 Ice Magic
 - Level 1.0 Air Magic
 - Level 1.2 Earth Magic
 - Level 1.1 Poison Magic
 O Level 27 Invocations
 O Level 27 Evocations


You had 72 spell levels left.
You didn't know any spells.
Your spell library contained the following spells:

 Spells                   Type           Power      Damage    Failure   Level
 Animate Skeleton         Necr           38%        N/A       4%          1
 Apportation              Tloc           38%        N/A       4%          1
 Corona                   Hex            20%        N/A       4%          1
 Foxfire                  Conj/Fire      76%        2x1d7     4%          1
 Magic Dart               Conj           76%        1d6       4%          1
 Shock                    Conj/Air       76%        1d7       4%          1
 Sting                    Tmut/Pois      76%        1d6       4%          1
 Summon Small Mammal      Summ           76%        N/A       4%          1
 Call Imp                 Summ           19%        N/A       6%          2
 Corpse Rot               Necr/Air       N/A        N/A       6%          2
 Poisonous Vapours        Pois/Air       38%        N/A       6%          2
 Sublimation of Blood     Necr           9%         N/A       6%          2
 Ensorcelled Hibernation  Hex/Ice        38%        N/A       7%          2
 Slow                     Hex            18%        N/A       7%          2
 Conjure Flame            Conj/Fire      19%        6-21      12%         3
 Ignite Poison            Fire/Tmut/Pois 19%        N/A       12%         3
 Mephitic Cloud           Conj/Pois/Air  19%        N/A       12%         3
 Stone Arrow              Conj/Erth      38%        3d9       12%         3
 Inner Flame              Hex/Fire       19%        N/A       13%         3
 Ozocubu's Armour         Ice            19%        N/A       13%         3
 Portal Projectile        Hex/Tloc       38%        N/A       13%         3
 Swiftness                Air            19%        N/A       13%         3
 Vampiric Draining        Necr           9%         2d7       13%         3
 Confusing Touch          Hex            18%        N/A       14%         3
 Tukima's Dance           Hex            18%        N/A       14%         3
 Animate Armour           Summ/Erth      38%        N/A       36%         4
 Olgreb's Toxic Radiance  Pois           19%        N/A       36%         4
 Petrify                  Tmut/Erth      19%        N/A       36%         4
 Airstrike                Air            9%         N/A       38%         4
 Dispel Undead            Necr           19%        3d11      38%         4
 Passage of Golubria      Tloc           N/A        N/A       38%         4
 Alistair's Intoxication  Tmut/Pois      12%        N/A       73%         5
 Bolt of Magma            Conj/Fire/Erth 9%         4d7       73%         5
 Borgnjor's Vile Clutch   Necr/Erth      9%         N/A       73%         5
 Irradiate                Conj/Tmut      9%         3d16      73%         5
 Iskenderun's Battlesphe  Conj           19%        2d7       73%         5
 Agony                    Necr           19%        N/A       75%         5
 Blade Hands              Tmut           9%         N/A       75%         5
 Excruciating Wounds      Necr           9%         N/A       75%         5
 Fireball                 Conj/Fire      9%         3d6       75%         5
 Freezing Cloud           Conj/Ice/Air   9%         6-21      75%         5
 Yara's Violent Unravell  Hex/Tmut       9%         3d6       75%         5
 Conjure Ball Lightning   Conj/Air       9%         3x3d6     99%         6
 Eringya's Noxious Bog    Tmut/Pois      9%         N/A       99%         6
 Starburst                Conj/Fire      9%         8x6d5     99%         6
 Death Channel            Necr           9%         N/A       100%        6
 Invisibility             Hex            9%         N/A       100%        6
 Dragon Form              Tmut           9%         N/A       100%        7
 Orb of Destruction       Conj           9%         9d4       100%        7
 Ozocubu's Refrigeration  Ice            9%         4d6       100%        7
 Ignition                 Fire           9%         3d5       100%        8
 Lehudib's Crystal Spear  Conj/Erth      9%         10d4      100%        8
 Fire Storm               Conj/Fire      9%         8d3       100%        9


Dungeon Overview and Level Annotations

Branches:
Dungeon (1/1)

Altars:
Ashenzari
Cheibriados
Dithmenos
Elyvilon
Fedhas
Gozag
Hepliaklqana
Kikubaaqudgha
Makhleb
Nemelex Xobeh
Okawaru
Qazlal
Ru
Sif Muna
Trog
Uskayaw
Vehumet
Wu Jian
Xom
Yredelemnul
Zin
The Shining One
Beogh
Jiyva
Lugonu


Innate Abilities, Weirdness & Mutations

You have a pair of horns on your head.
You reflexively headbutt those who attack you in melee.
Your magical capacity is low. (-10% MP)


Message History

Your body is wracked with pain!
You block Enuicero's attack.
The lich gestures wildly while chanting.
The lich flickers and vanishes for a moment.
Unknown command.
Blink to where?
Press: ? - help, Dir - move target
As you read the scroll of blinking, it crumbles to dust.
Enuicero is engulfed in blazing flames.
The lich casts a spell.
The lich seems to speed up.
Unknown command.
Blink to where?
Press: ? - help, Dir - move target
As you read the scroll of blinking, it crumbles to dust.
A torturous demonspawn comes into view. It is wielding a +0 mace.
Unknown command.
Blink to where?
Press: ? - help, Dir - move target
As you read the scroll of blinking, it crumbles to dust.
You feel yourself speed up.
You see here a +2 vampiric rapier.
You open the huge gate.
There is a huge open gate here.
There is a huge open gate leading to the Armoury (Hard) here.
A green death comes into view.
Enuicero gestures at you.
You hear a sizzling sound!
You slash the green death!
The green death convulses!
The green death is heavily wounded.
Unknown command.
You open the green death like a pillowcase!!!
You kill the green death!
Qazlal accepts your kill.
Enuicero is engulfed in freezing vapours.
Enuicero is engulfed in freezing vapours.
There is an open door to the Entrance Hall (Safe) here.
There is a staircase leading out of the dungeon here.
Enuicero gestures at you.
The poison arrow is repelled.
You have escaped!

##########.##................''..
#...........'.........○.○....''..
#'#####'#####......#..#○.....##..
#.#..#...'.##..°.&..☼°○☼○....##..
#.#..#...#.#####'#####○☼#########
#.#..#####.##.§§°.°.##''# #####
#.#..')..#.##..§....##..###...###
#.#..'...).##.○...○.##...##...##.
#.#..########...@○..###...##'##..
#.#..'[))).##..°....# ##.........
#.#..#.))).##.....○.###..###'###.
#'###########.......##..##.....##
#.......#..###########..'.......'
#..###..#.############..##.....##
#.......#.#....#..[[###..###'###.
##.###.##)#....#...[# ##.........
#.......#.'....'..))# #...##'##..


You could see Enuicero.

Vanquished Creatures
  Cerebov (D)
  Dissolution (D)
  Gloorx Vloq (D)
  Lom Lobon (D)
  the Serpent of Hell (D)
  3 ancient liches (D)
  Dispater (D)
  Mara (D)
  An orb of fire (D)
  Mennas (D)
  5 royal mummies (D)
  Boris (D)
  A Killer Klown (D)
  2 curse toes (D)
  5 pandemonium lords (D)
  the Lernaean hydra (D)
  Xtahua (D)
  Jory (D)
  A bone dragon (D)
  4 golden dragons (D)
  A profane servitor (D)
  6 Tzitzimimeh (D)
  4 pearl dragons (D)
  A Brimstone Fiend (D)
  2 electric golems (D)
  2 Hell Sentinels (D)
  A titan (D)
  A hellephant (D)
  3 tentacled monstrosities (D)
  2 Ice Fiends (D)
  3 deep elf blademasters (D)
  3 liches (D)
  27 Orb Guardians (D)
  2 quicksilver dragons (D)
  2 deep elf master archers (D)
  An Executioner (D)
  Frances (D)
  A death cob (D)
  4 acid blobs (D)
  2 storm dragons (D)
  4 nagarajas (D)
  3 shadow dragons (D)
  Ilsuiw (D)
  2 azure jellies (D)
  A rockslime (D)
  2 cacodemons (D)
  2 iron dragons (D)
  4 fire giants (D)
  A frost giant (D)
  2 orc warlords (D)
  3 draconian scorchers (D)
  30 daevas (D)
  3 deep elf sorcerers (D)
  2 balrugs (D)
  A ghost moth (D)
  A draconian shifter (D)
  A ghoul (D)
  2 draconian annihilators (D)
  An emperor scorpion (D)
  20 angels (D)
  2 apis (D)
  2 black draconians (D)
  An ophan (D)
  A deep elf demonologist (D)
  3 yellow draconians (D)
  A vampire knight (D)
  A reaper (D)
  2 lorocyprocas (D)
  3 white draconians (D)
  3 deep elf annihilators (D)
  A red draconian (D)
  An eidolon (D)
  2 fire dragons (D)
  5 green deaths (D)
  3 blizzard demons (D)
  5 yaktaur captains (D)
  A merfolk impaler (D)
  A deep elf death mage (D)
  2 vault guards (D)
  A boulder beetle (D)
  4 ice dragons (D)
  Erolcha (D)
  2 hydras (D)
  2 hell beasts (D)
  2 naga warriors (D)
  An alligator snapping turtle (D)
  4 death yaks (D)
  A death knight (D)
  An alligator (D)
  A two-headed ogre (D)
  2 spriggan berserkers (D)
  An iron elemental (D)
  A vampire mage (D)
  4 hell hogs (D)
  A soul eater (D)
  6 hell knights (D)
  A deep elf knight (D)
  3 iron trolls (D)
  5 skeletal warriors (D)
  A sixfirhy (D)
  A swamp dragon (D)
  A spriggan druid (D)
  29 cherubim (D)
  A bog body (D)
  A phantasmal warrior (D)
  A deep elf pyromancer (D)
  A lindwurm (D)
  9 orc knights (D)
  A necromancer (D)
  A wolf spider (D)
  2 ugly things (D)
  2 deep elf zephyrmancers (D)
  2 moths of wrath (D)
  3 manticores (D)
  2 guardian serpents (D)
  3 naga magi (D)
  A cane toad (D)
  A gargoyle (D)
  3 hellions (D)
  A rime drake (D)
  2 kobold demonologists (D)
  An ice devil (D)
  A tormentor (D)
  A freezing wraith (D)
  5 demonic crawlers (D)
  9 yaktaurs (D)
  4 red devils (D)
  A wind drake (D)
  2 polar bears (D)
  A tyrant leech (D)
  2 hornets (D)
  3 slime creatures (D)
  3 snapping turtles (D)
  4 blink frogs (D)
  2 flying skulls (D)
  An air elemental (D)
  A wraith (D)
  2 redbacks (D)
  3 yaks (D)
  3 spriggans (D)
  A water elemental (D)
  A fire bat (D)
  A fire elemental (D)
  A swamp worm (shapeshifter) (D)
  A warg (D)
  A water moccasin (D)
  3 hell hounds (D)
  An acid dragon (D)
  2 floating eyes (D)
  2 swamp drakes (D)
  A sky beast (D)
  2 necrophages (D)
  A centaur (D)
  A wolf (D)
  2 phantoms (D)
  A scorpion (D)
  An earth elemental (D)
  A hound (D)
  A jelly (D)
  An orc priest (D)
  An iron imp (D)
  Terence (D)
  2 orc wizards (D)
  A mummy (D)
  A gnoll (D)
  A white imp (D)
  2 ufetubi (D)
  4 orcs (D)
  2 bats (D)
  A bat zombie (D)
  An endoplasm (D)
  A giant cockroach (D)
  A goblin (D)
  3 jackals (D)
  2 quokkas (D)
  A ball python skeleton (D)
  A frilled lizard (D)
  A giant cockroach zombie (D)
  6 kobolds (D)
  A quokka skeleton (D)
  A rat (D)
  2 ball lightnings (D)
454 creatures vanquished.

Vanquished Creatures (others)
  A vault guard (D)
  A yaktaur (D)
  A ball lightning (D)
  A fire vortex (D)
4 creatures vanquished.

Grand Total: 458 creatures vanquished

Notes
Turn   | Place    | Note
-------+----------+-------------------------------------------
     0 | D        | mhtbhm the Minotaur Fighter began the quest for the Orb.
     0 | D        | Reached XP level 1. HP: 19/19 MP: 0/0
    19 | D        | Found a bloodstained altar of Trog.
    19 | D        | Found a shimmering blue altar of Sif Muna.
    19 | D        | Found a viscous altar of Jiyva.
    19 | D        | Found a hazy altar of Hepliaklqana.
    19 | D        | Found an opulent altar of Gozag.
    21 | D        | Found a glowing golden altar of the Shining One.
    21 | D        | Found a glowing silver altar of Zin.
    21 | D        | Found a basalt altar of Yredelemnul.
    21 | D        | Found a shimmering altar of Xom.
    21 | D        | Found an ornate altar of the Wu Jian Council.
    21 | D        | Found a sacrificial altar of Ru.
    21 | D        | Found a stormy altar of Qazlal.
    21 | D        | Found an iron altar of Okawaru.
    21 | D        | Found a sparkling altar of Nemelex Xobeh.
    21 | D        | Found a burning altar of Makhleb.
    21 | D        | Found a blossoming altar of Fedhas.
    21 | D        | Found a white marble altar of Elyvilon.
    21 | D        | Found a shadowy altar of Dithmenos.
    21 | D        | Found a snail-covered altar of Cheibriados.
    23 | D        | Found a radiant altar of Vehumet.
    23 | D        | Found a corrupted altar of Lugonu.
    24 | D        | Found a hide-covered altar of Uskayaw.
    24 | D        | Found an ancient bone altar of Kikubaaqudgha.
    24 | D        | Found a broken altar of Ashenzari.
    28 | D        | Became a worshipper of Qazlal Stormbringer
    84 | D        | Reached * piety under Qazlal
    98 | D        | Reached ** piety under Qazlal
   100 | D        | Reached XP level 2. HP: 28/28 MP: 1/1
   104 | D        | Reached skill level 5 in Armour
   164 | D        | Noticed a phantom
   165 | D        | Noticed a flying skull
   179 | D        | Killed a flying skull
   180 | D        | Reached skill level 5 in Axes
   180 | D        | Reached skill level 1 in Dodging
   180 | D        | Reached XP level 3. HP: 18/40 MP: 2/2
   180 | D        | Reached XP level 4. HP: 21/48 MP: 3/3
   180 | D        | Reached XP level 5. HP: 23/53 MP: 4/4
   183 | D        | Reached *** piety under Qazlal
   188 | D        | Killed a phantom
   189 | D        | Reached XP level 6. HP: 20/62 MP: 5/5
   400 | D        | Reached **** piety under Qazlal
   420 | D        | Reached skill level 10 in Shields
   610 | D        | Noticed an acid dragon
   616 | D        | Killed an acid dragon
   616 | D        | Reached ***** piety under Qazlal
   719 | D        | Noticed a sky beast
   719 | D        | Noticed Terence
   725 | D        | Killed Terence
   726 | D        | Reached XP level 7. HP: 70/70 MP: 6/6
   741 | D        | Reached skill level 10 in Armour
   753 | D        | Noticed a demonic crawler
   753 | D        | Noticed a manticore
   764 | D        | Killed a demonic crawler
   772 | D        | Killed a manticore
   773 | D        | Reached skill level 10 in Fighting
   773 | D        | Reached skill level 10 in Axes
   773 | D        | Reached XP level 8. HP: 63/79 MP: 7/7
   908 | D        | Noticed a tyrant leech
   915 | D        | Killed a tyrant leech
   916 | D        | Reached ****** piety under Qazlal
  1027 | D        | Noticed a polar bear
  1034 | D        | Killed a polar bear
  1035 | D        | Reached XP level 9. HP: 86/86 MP: 8/8
  1051 | D        | Noticed a lindwurm
  1052 | D        | Reached skill level 15 in Shields
  1056 | D        | Killed a lindwurm
  1086 | D        | Reached skill level 1 in Stealth
  1117 | D        | Noticed a five-headed hydra
  1117 | D        | Noticed a freezing wraith
  1127 | D        | Killed a ten-headed hydra
  1136 | D        | Killed a freezing wraith
  1137 | D        | Reached XP level 10. HP: 56/96 MP: 8/11
  1360 | D        | Noticed a boulder beetle
  1363 | D        | Noticed an orange demon
  1363 | D        | Noticed an eidolon
  1367 | D        | Noticed a five-headed hydra
  1381 | D        | Killed a seven-headed hydra
  1382 | D        | Killed an eidolon
  1383 | D        | Reached skill level 15 in Axes
  1383 | D        | Reached skill level 5 in Invocations
  1395 | D        | Killed a boulder beetle
  1755 | D        | Noticed a gargoyle
  1769 | D        | Killed a gargoyle
  1961 | D        | Noticed a cane toad
  1966 | D        | Noticed a deep elf zephyrmancer
  1966 | D        | Noticed a phantasmal warrior
  1970 | D        | Reached XP level 11. HP: 105/105 MP: 15/15
  1988 | D        | Killed a phantasmal warrior
  1997 | D        | Killed a deep elf zephyrmancer
  2296 | D        | Noticed a deep elf zephyrmancer
  2323 | D        | Killed a deep elf zephyrmancer
  2547 | D        | Noticed a deep elf pyromancer
  2554 | D        | Killed a deep elf pyromancer
  2618 | D        | Noticed a skeletal warrior
  2621 | D        | Noticed a skeletal warrior
  2621 | D        | Noticed Erolcha
  2624 | D        | Noticed a skeletal warrior
  2626 | D        | Noticed a skeletal warrior
  2627 | D        | Killed a skeletal warrior
  2627 | D        | Noticed a skeletal warrior
  2639 | D        | Killed a skeletal warrior
  2640 | D        | Reached skill level 5 in Dodging
  2640 | D        | Killed a skeletal warrior
  2648 | D        | Killed a skeletal warrior
  2651 | D        | Killed Erolcha
  2652 | D        | Reached XP level 12. HP: 35/118 MP: 18/18
  2655 | D        | Reached skill level 10 in Invocations
  2991 | D        | Noticed a profane servitor
  2991 | D        | Noticed a white draconian
  2991 | D        | Noticed Ilsuiw
  2991 | D        | Noticed a merfolk impaler
  2992 | D        | Found the amulet of Vitality {Regen+ HP+15}
  2993 | D        | Killed a merfolk impaler
  3005 | D        | Reached skill level 15 in Fighting
  3012 | D        | Killed a profane servitor
  3016 | D        | Killed a white draconian
  3048 | D        | Killed Ilsuiw
  3351 | D        | Noticed a two-headed ogre
  3351 | D        | Noticed an alligator
  3351 | D        | Noticed a death yak
  3355 | D        | Noticed an emperor scorpion
  3355 | D        | Killed a two-headed ogre
  3355 | D        | Noticed a hell hog
  3361 | D        | Noticed a death yak
  3362 | D        | Noticed a hell hog
  3363 | D        | Killed a hell hog
  3363 | D        | Noticed a death yak
  3364 | D        | Noticed a hell hog
  3365 | D        | Killed a death yak
  3366 | D        | Reached XP level 13. HP: 128/128 MP: 13/22
  3370 | D        | Reached skill level 15 in Armour
  3394 | D        | Reached skill level 15 in Invocations
  3414 | D        | Killed an emperor scorpion
  3420 | D        | Got the Incunabulum of Displaced Toxins
  3511 | D        | Noticed a death cob
  3512 | D        | Noticed an orc warlord
  3512 | D        | Noticed an orc warlord
  3515 | D        | Killed an orc warlord
  3515 | D        | Killed an orc warlord
  3517 | D        | Killed a death cob
  3521 | D        | Noticed an ophan
  3526 | D        | Reached XP level 14. HP: 62/140 MP: 17/25
  3527 | D        | Killed an ophan
  3862 | D        | Noticed Ypnuir the pandemonium lord
  3882 | D        | Killed Ypnuir the pandemonium lord
  3923 | D        | Noticed an acid blob
  3934 | D        | Killed an acid blob
  4189 | D        | Noticed a Brimstone Fiend
  4200 | D        | Killed a Brimstone Fiend
  4352 | D        | Noticed a royal mummy
  4359 | D        | Killed a royal mummy
  4369 | D        | Noticed Xeaqant Okop the pandemonium lord
  4398 | D        | Killed Xeaqant Okop the pandemonium lord
  4399 | D        | Reached XP level 15. HP: 111/152 MP: 24/28
  4442 | D        | Noticed a hellephant
  4442 | D        | Noticed a Hell Sentinel
  4442 | D        | Noticed Cowoot the pandemonium lord
  4442 | D        | Noticed a fire giant
  4442 | D        | Noticed a nagaraja
  4443 | D        | Killed a fire giant
  4443 | D        | Killed a nagaraja
  4448 | D        | Killed a hellephant
  4448 | D        | Killed Cowoot the pandemonium lord
  4448 | D        | Killed a Hell Sentinel
  4557 | D        | Noticed a rockslime
  4568 | D        | Killed a rockslime
  4584 | D        | Noticed a black draconian scorcher
  4594 | D        | Killed a black draconian scorcher
  4660 | D        | Noticed Mara
  4666 | D        | Noticed mhtbhm's illusion
  4679 | D        | Killed Mara
  4680 | D        | Reached skill level 27 in Shields
  4764 | D        | Noticed the Serpent of Hell
  4768 | D        | Noticed a storm dragon
  4769 | D        | Noticed a storm dragon
  4770 | D        | Noticed a shadow dragon
  4779 | D        | Killed the Serpent of Hell
  4834 | D        | Noticed a golden dragon
  4842 | D        | Killed a golden dragon
  4843 | D        | Reached XP level 16. HP: 101/167 MP: 29/31
  4844 | D        | Noticed a Tzitzimitl
  4848 | D        | Killed a Tzitzimitl
  4851 | D        | Noticed a royal mummy
  4857 | D        | Killed a royal mummy
  5150 | D        | Noticed a bone dragon
  5166 | D        | Killed a bone dragon
  5181 | D        | Noticed Dissolution
  5182 | D        | Noticed a golden dragon
  5197 | D        | Paralysed by a floating eye for 4 turns
  5203 | D        | Killed Dissolution
  5225 | D        | Killed a golden dragon
  5375 | D        | Noticed a curse toe
  5386 | D        | Killed a curse toe
  5392 | D        | Noticed a lich
  5392 | D        | Noticed a deep elf blademaster
  5405 | D        | Killed a deep elf blademaster
  5409 | D        | Killed a lich
  5561 | D        | Noticed a Hell Sentinel
  5570 | D        | Killed a Hell Sentinel
  5595 | D        | Noticed an acid blob
  5598 | D        | Killed an acid blob
  5601 | D        | Noticed a shadow dragon
  5601 | D        | Noticed a tentacled monstrosity
  5609 | D        | Killed a tentacled monstrosity
  5609 | D        | Noticed an ancient lich
  5615 | D        | Killed an ancient lich
  5616 | D        | Reached XP level 17. HP: 99/183 MP: 33/33
  5629 | D        | HP: 7/184 [shadow dragon/bolt of negative energy (53)]
  5638 | D        | Reached skill level 27 in Axes
  5640 | D        | HP: 10/297 [daeva (15)]
  6036 | D        | Noticed an Ice Fiend
  6036 | D        | Noticed a royal mummy
  6042 | D        | Killed a royal mummy
  6043 | D        | Reached skill level 27 in Invocations
  6045 | D        | Killed an Ice Fiend
  6067 | D        | Noticed a Tzitzimitl
  6073 | D        | Killed a Tzitzimitl
  6391 | D        | Noticed Gloorx Vloq
  6391 | D        | Noticed Lisor the pandemonium lord
  6391 | D        | Noticed Xtahua
  6392 | D        | Killed Xtahua
  6394 | D        | Killed Lisor the pandemonium lord
  6394 | D        | Killed Gloorx Vloq
  6395 | D        | Reached skill level 27 in Fighting
  6395 | D        | Noticed a Tzitzimitl
  6398 | D        | Killed a Tzitzimitl
  6399 | D        | Reached skill level 27 in Armour
  6527 | D        | Reached skill level 1 in Short Blades
  6527 | D        | Reached skill level 1 in Long Blades
  6527 | D        | Reached skill level 1 in Maces & Flails
  6527 | D        | Reached skill level 1 in Polearms
  6527 | D        | Reached skill level 1 in Staves
  6527 | D        | Reached skill level 1 in Slings
  6527 | D        | Reached skill level 1 in Bows
  6527 | D        | Reached skill level 1 in Crossbows
  6527 | D        | Reached skill level 1 in Throwing
  6527 | D        | Reached skill level 1 in Unarmed Combat
  6527 | D        | Reached skill level 1 in Earth Magic
  6527 | D        | Reached skill level 1 in Evocations
  6553 | D        | Reached skill level 1 in Conjurations
  6553 | D        | Reached skill level 1 in Summonings
  6553 | D        | Reached skill level 1 in Necromancy
  6553 | D        | Reached skill level 1 in Translocations
  6553 | D        | Reached skill level 1 in Transmutations
  6553 | D        | Reached skill level 1 in Fire Magic
  6553 | D        | Reached skill level 1 in Ice Magic
  6553 | D        | Reached skill level 1 in Air Magic
  6553 | D        | Reached skill level 1 in Poison Magic
  6576 | D        | Got the +9 broad axe of Patterns {vorpal, rN+ Str+2}
  6580 | D        | Got the ring "Maepp" {Drain rN+++ Str+6 Dex+6 Slay-3}
  6583 | D        | Got the amulet of Araif {Faith rPois Regen+}
  6586 | D        | Got the ring "Leciwn" {*Corrode rF+ rN+ Int+3 Dex+4}
  6588 | D        | Got the ring of Suicidal Tendencies {AC+4 Str+2}
  6591 | D        | Got the amulet "Vohes" {RegenMP +Blink Int+2}
  6593 | D        | Got the ring "Ysso Gueh" {rElec rPois Will+ Str-5 Int+2}
  6595 | D        | Got an iron rune of Zot
  6598 | D        | Got the ring of Aneonk {Fly rN+++}
  6604 | D        | Got the amulet "Zikuep Hewa" {rPois rN+++ Regen+ Int+2
                  | Stlth-}
  6651 | D        | Identified the ring of Ceann {rF+ rN+ Str+3 Int-4 Dex+6}
  6670 | D        | Noticed a deep elf blademaster
  6682 | D        | Killed a deep elf blademaster
  6683 | D        | Reached skill level 5 in Long Blades
  6692 | D        | Reached skill level 10 in Dodging
  6724 | D        | Noticed an electric golem
  6736 | D        | Killed an electric golem
  6762 | D        | Got the +2 pair of boots of the True Pharaoh {Str+3}
  6978 | D        | Noticed an ancient lich
  6984 | D        | Reached skill level 10 in Long Blades
  6995 | D        | Killed an ancient lich
  6999 | D        | Reached XP level 18. HP: 179/200 MP: 34/34
  7000 | D        | Noticed a Tzitzimitl
  7001 | D        | Noticed Frances
  7034 | D        | Killed Frances
  7179 | D        | Noticed a lich
  7184 | D        | Killed a lich
  7202 | D        | Got Kajedghi's Tome of Destructive Moulding
  7214 | D        | Got the Almanac of the Blaze and Sinister Rituals
  7224 | D        | Got the Grimoire of the Volcanoes and the Glacier
  7227 | D        | Got the Tome of Congealing Feathers
  7241 | D        | Got the Disquisition on Heat
  7299 | D        | Got the ring of Coreap {Contam rElec AC+6 Str-4 Int+6}
  7301 | D        | Got the ring "Daviav" {*Corrode rF+ Str+10 Slay+6 Stlth+}
  7303 | D        | Got the ring of Xom's Passing Interest {rC+ Int+2 Dex+5}
  7305 | D        | Got the ring "Tiaghafo" {Wiz rF++}
  7307 | D        | Got the ring "Qibb" {rElec Str+6 Dex+4 Slay+2}
  7310 | D        | Got the ring of Vanity {rPois Str+5 Int+6 Dex-5}
  7312 | D        | Got the ring "Mejy" {Will+ Str+3 Dex+3}
  7314 | D        | Got the ring "Baoblon" {rPois Will- Dex+3}
  7316 | D        | Got the ring "Qiemuyll" {rElec Str-4 Int+6 Dex-4 Slay+6}
  7318 | D        | Got the ring of Biyffue {rPois rF+ Int+6 SInv Stlth-}
  7320 | D        | Got the ring of Izaifod {rPois Will+ rCorr Dex+4}
  7323 | D        | Got the ring "Seafat" {rN+ Int+2 Slay+3}
  7325 | D        | Got the ring of the Yeti {rF+ Str+4 Int+6 Dex+3}
  7327 | D        | Got the ring of Tulips {Wiz rC+ Will+ Int+5 Dex+5}
  7352 | D        | Got the amulet of Qyirilaa {Reflect rPois rC- rCorr Int+3
                  | SH+5}
  7354 | D        | Got the ring of Sopy {Drain rN+ Int+3 Dex+6}
  7356 | D        | Got the amulet of Yhakhuv {Spirit Will+}
  7358 | D        | Got the ring of the Evening {rElec rF- rCorr Dex+6 Slay+4}
  7361 | D        | Got the amulet of Miracles {Faith Dex+7}
  7364 | D        | Got the amulet "Coump" {RegenMP rN+ Dex+5}
  7366 | D        | Got the amulet "Lesutwis" {Faith +Blink Regen+ Slay-6}
  7368 | D        | Got the amulet "Guewkemn" {Faith Rampage rPois Int+5}
  7370 | D        | Got the amulet of Pisid {Spirit rF- Will+ Int+5}
  7372 | D        | Got the ring "Nujir" {rC+ Will+ rCorr Dex-3}
  7374 | D        | Got the ring of the Solstice {rF+ AC+4 Str+8}
  7377 | D        | Got the amulet of Attitude {Faith Regen+ Int+3}
  7379 | D        | Got the amulet of Zaifig {rPois rN+++ Regen+ Dex-4 Stlth-}
  7383 | D        | Got the amulet "Ysaetz" {Spirit Harm}
  7505 | D        | Noticed a Killer Klown
  7515 | D        | Killed a Killer Klown
  7677 | D        | Noticed a curse toe
  7679 | D        | Noticed a golden dragon
  7683 | D        | Noticed Boris
  7685 | D        | Killed a golden dragon
  7686 | D        | Killed a curse toe
  7688 | D        | Noticed a lich
  7693 | D        | Killed a lich
  7701 | D        | Killed Boris
  7722 | D        | Reached XP level 19. HP: 127/207 MP: 3/35
  7859 | D        | Noticed the 27-headed Lernaean hydra
  7863 | D        | Killed the 27-headed Lernaean hydra
  7864 | D        | Reached skill level 27 in Long Blades
  7946 | D        | Got the ring of Hygism {EV+4 Str+3 Slay+2}
  7948 | D        | Got the ring "Ufojojir" {+Blink rElec rC+ rCorr Dex+3}
  7980 | D        | Got the ring "Bionaop" {Fire Slay+2 Stlth+}
  7983 | D        | Got the ring "Hatit" {rPois rN+ Str+5 Slay+6}
  7986 | D        | Got the ring of Etaokol {rElec Will++ AC+4}
  7989 | D        | Got the ring "Vilulekk" {Contam rF+++ rC+ Will- Stlth+}
  7992 | D        | Got the amulet of Ydiapoer {Faith *Corrode +Inv rC+++
                  | Int+3}
  7995 | D        | Got the ring of Wurchu {+Blink rC+ rN+ Will++ Str-4}
  8122 | D        | Upgraded the game from 0.27-a0-1565-gad902ab807 to
                  | 0.27-a0-1579-g97d2440184
  8228 | D        | Reached skill level 27 in Dodging
  8230 | D        | Identified the +10 shortbow of Juifur {venom, rF+ rC+}
  8230 | D        | Identified the +7 tower shield "Firph" {Regen+ rCorr Int+4
                  | Dex-4 SInv}
  8230 | D        | Noticed a pearl dragon
  8231 | D        | Killed a pearl dragon
  8243 | D        | Reached XP level 20. HP: 159/216 MP: 17/36
  8248 | D        | Identified the +1 ring mail of the Rose {rPois Dex+2} (You
                  | took it off a cherub in the Dungeon)
  8255 | D        | Identified the +7 tower shield of Jucvaoto {Drain Will+
                  | Str+6 Dex+3} (You took it off a daeva in the Dungeon)
  8288 | D        | Got the +2 cloak "Muzoaw" {rF+ Int+2}
  8302 | D        | Got the Handbook of Displaced Evil
  8315 | D        | Got a golden rune of Zot
  8558 | D        | Paralysed by a floating eye for 2 turns
  8604 | D        | Noticed Mennas
  8621 | D        | Killed Mennas
  8627 | D        | Noticed Jory
  8630 | D        | Found the +4 staff of Dispater
  8630 | D        | Noticed Dispater
  8630 | D        | Noticed Lom Lobon
  8635 | D        | Killed Lom Lobon
  8636 | D        | Reached skill level 27 in Evocations
  8637 | D        | Killed Jory
  8637 | D        | Killed Dispater
  8940 | D        | Noticed an ancient lich
  8946 | D        | Reached XP level 21. HP: 224/224 MP: 37/37
  8951 | D        | Killed an ancient lich
  8952 | D        | Reached skill level 27 in Throwing
  8969 | D        | Reached skill level 10 in Spellcasting
  9166 | D        | Gained mutation: Your magical capacity is low. (-10% MP) [a
                  | cacodemon]
  9305 | D        | Found the +6 sword of Cerebov {flame}
  9305 | D        | Noticed Cerebov
  9352 | D        | Killed Cerebov
  9353 | D        | Noticed a golden dragon
  9365 | D        | Killed a golden dragon
  9515 | D        | Killed an orb of fire
  9517 | D        | Noticed a royal mummy
  9519 | D        | Noticed a royal mummy
  9521 | D        | Noticed Hemm the pandemonium lord
  9522 | D        | Killed a royal mummy
  9522 | D        | Killed a royal mummy
  9523 | D        | Reached XP level 22. HP: 147/233 MP: 24/43
  9525 | D        | Killed Hemm the pandemonium lord
  9599 | D        | Got the Orb of Zot
  9655 | D        | Noticed Enuicero the pandemonium lord
  9713 | D        | Escaped with the Orb!

Illustrated notes

Levels and vault maps discovered:
D:        pitsprint [storerooms_1, entrance_room_1, metal_vault_5, armoury_1,
          mini_pit_1, grid_room_1, main_hall_1, silver_pit, the_coven_1,
          the_vestibule_1, steel_vault_3, golden_pit, hallway_of_sentries,
          crystal_vault_1, iron_vault_1, final_vault]

Skill      XL: |  1  2  3  4  5  6  7  8  9 10 11 12 13 14 15 16 17 18 19 20 21 22 |
---------------+-------------------------------------------------------------------+-----
Fighting       | 4 7 8 9 10 11 12 14 16 17 19 21 24 27 | 27.0
Armour         | 4 8 9 10 11 12 13 14 16 17 19 22 27 | 27.0
Shields        | 4 8 10 13 14 16 17 19 20 22 25 27 | 27.0
Axes           | 5 7 10 11 14 15 18 19 20 21 23 26 27 | 27.0
Dodging        | 1 2 3 4 5 6 7 14 24 27 | 27.0
Stealth        | 1 |  1.0
Invocations    | 3 6 9 13 17 20 24 26 27 | 27.0
Short Blades   | 1 |  1.5
Long Blades    | 13 25 27 | 27.0
Maces & Flails | 1 |  1.7
Polearms       | 1 |  1.7
Staves         | 1 |  1.7
Slings         | 1 |  1.5
Bows           | 1 |  1.5
Crossbows      | 1 |  1.5
Throwing       | 1 20 26 27 | 27.0
Unarmed Combat | 1 |  1.6
Earth Magic    | 1 |  1.2
Evocations     | 1 18 27 | 27.0
Conjurations   | 1 |  1.1
Summonings     | 1 |  1.0
Necromancy     | 1 |  1.0
Translocations | 1 |  1.0
Transmutations | 1 |  1.1
Fire Magic     | 1 |  1.0
Ice Magic      | 1 |  1.0
Air Magic      | 1 |  1.0
Poison Magic   | 1 |  1.1
Spellcasting   | 23 25 | 25.5
Hexes          | |  0.8

Action                   |  1- 3 |  4- 6 |  7- 9 | 10-12 | 13-15 | 16-18 | 19-21 | 22-24 || total
-------------------------+-------+-------+-------+-------+-------+-------+-------+-------++-------
Melee: Hand axe          |    28 |    37 |    37 |       |       |       |       |       ||   102
       War axe           |     2 |       |       |       |       |       |       |       ||     2
       Headbutt          |       |     8 |    24 |    41 |    60 |   118 |    41 |     7 ||   299
       Broad axe         |       |       |    53 |   166 |   215 |   369 |   123 |    24 ||   950
Invok: Upheaval          |       |       |       |     1 |       |       |       |       ||     1
       Disaster Area     |       |       |       |     6 |    11 |     5 |    16 |     1 ||    39
Evoke: Condenser vane    |       |       |       |       |       |       |     3 |       ||     3
       Wand              |       |       |       |       |       |       |     1 |       ||     1
  Use: Potion            |     1 |       |     2 |     8 |     7 |     7 |     2 |     2 ||    29
       Scroll            |       |       |       |       |       |       |     5 |     3 ||     8
 Stab: Confused          |       |       |     2 |       |       |       |       |       ||     2
       Invisible         |       |       |       |       |     7 |       |       |       ||     7
Armor: Scale mail        |    11 |       |       |       |       |       |       |       ||    11
       Plate armour      |     4 |    21 |    22 |       |       |       |       |       ||    47
       Chain mail        |       |       |    22 |    53 |    14 |       |       |       ||    89
       Gold dragon scale |       |       |       |       |    27 |    96 |    27 |     3 ||   153
Dodge: Dodged            |    11 |     9 |    30 |    49 |    36 |    61 |    16 |     4 ||   216
       Repelled          |       |     1 |     1 |     1 |     2 |     4 |     2 |     2 ||    13
Block: Kite shield       |    16 |    43 |    99 |   204 |    71 |       |       |       ||   433
       Tower shield      |       |       |       |       |   145 |   402 |   193 |    30 ||   770

Table legend: (Time is in decaauts)
 A = Elapsed time spent in this place.
 B = Non-inter-level travel time spent in this place.
 C = Inter-level travel time spent in this place.
 D = Time resting spent in this place.
 E = Time spent auto-exploring this place.
 F = Levels seen in this place.
 G = Mean time per level.
                   A        B        C        D        E       F      G
               +--------+--------+--------+--------+--------+-----+--------+
         Total |   9492 |   9396 |     96 |   5281 |     84 |   1 | 9492.0 |
       Dungeon |   9492 |   9396 |     96 |   5281 |     84 |   1 | 9492.0 |
               +--------+--------+--------+--------+--------+-----+--------+

Top non-repeatable levels by time:
       D: 9492 daAuts
